 Dungeon Crawl Stone Soup version 0.17-a0-1850-g688e747 (webtiles) character file.

70 mcbry74 the Magician (level 4, -6/24 HPs)
             Began as a Deep Elf Wizard on Sept 18, 2015.
             Killed from afar by mcbry74's ghost (8 damage)
             ... with a magic dart
             ... on level 3 of the Dungeon.
             The game lasted 00:31:39 (3098 turns).

mcbry74 the Magician (Deep Elf Wizard)              Turns: 3098, Time: 00:31:40

Health: -6/24      AC:  4    Str:  4    XL:     4   Next: 4%
Magic:  3/13       EV: 12    Int: 24    God:
Gold:   98         SH:  0    Dex: 13    Spells: 6 memorised, 1 level left

rFire  . . .     SeeInvis .     e - +0 dagger
rCold  . . .     Clarity  .     a - +0 robe
rNeg   . . .     SustAt   .     (no shield)
rPois  .         Gourm    .     b - +0 hat
rElec  .         Spirit   .     m - +0 cloak
rCorr  .         Warding  .     (no gloves)
rMut   .         Stasis   .     l - +0 pair of boots
MR     .....                    (no amulet)
Stlth  ++........               (no ring)
                                (no ring)

@: very slightly contaminated, not resistant to hostile enchantments, unstealthy
A: no striking features
a: no special abilities


You were on level 3 of the Dungeon.
You were not hungry.

You visited 1 branch of the dungeon, and saw 3 of its levels.

You collected 98 gold pieces.

Inventory:

Hand weapons
 e - a +0 dagger (weapon)
Armour
 a - a +0 robe (worn)
 b - a +0 hat (worn)
 l - a +0 pair of boots (worn)
 m - a +0 cloak (worn)
Scrolls
 d - 2 scrolls of identify {unknown}
 g - a scroll of fear {unknown}
 j - 2 scrolls of noise {unknown}
 n - a scroll of enchant weapon {unknown}
 q - a scroll of remove curse {unknown}
 r - a scroll of teleportation {unknown}
Potions
 h - a potion of haste {unknown}
 i - a potion of curing {unknown}
 p - a potion of poison {unknown}
Books
 c - a book of Minor Magic

   Spells                             Type                      Level
   a - Magic Dart                     Conjuration                  1
   b - Blink                          Translocation                2
   c - Call Imp                       Summoning                    2
   d - Repel Missiles                 Charms/Air                   2
   e - Slow                           Hexes                        2
   f - Conjure Flame                  Conjuration/Fire             3
   g - Mephitic Cloud                 Conjuration/Poison/Air       3
Comestibles
 f - 2 beef jerkies
 k - 2 meat rations
 o - 4 fruits


   Skills:
 + Level 2.5 Dodging
 + Level 3.0 Stealth
 + Level 5.7 Spellcasting
 + Level 1.9 Conjurations
 + Level 1.9 Summonings
 + Level 1.1 Translocations


You had one spell level left.
You knew the following spells:

 Your Spells              Type           Power        Failure   Level  Hunger
a - Magic Dart            Conj           ###.         4%          1    None
b - Call Imp              Summ           ###.....     8%          2    None
c - Blink                 Tloc           N/A          10%         2    None
d - Slow                  Hex            #.......     14%         2    None
e - Mephitic Cloud        Conj/Pois/Air  ##......     21%         3    #......
f - Conjure Flame         Conj/Fire      ##......     21%         3    #......


Dungeon Overview and Level Annotations

Branches:
Dungeon (3/15)

Altars:
Cheibriados
Qazlal
Yredelemnul

Annotations:
D:3 mcbry74's ghost, average DEWz


Message History

The white imp freezes you.
You hit the white imp.
The white imp is lightly wounded.
Mcbry74's ghost mumbles some strange words.
Mcbry74's ghost blinks!
The white imp hits you. The white imp freezes you.
* * * LOW HITPOINT WARNING * * *
You hit the white imp.
The white imp is moderately wounded.
Mcbry74's ghost says, "Watch and be amazed!"
The white imp hits you.
* * * LOW HITPOINT WARNING * * *
The white imp freezes you.
* * * LOW HITPOINT WARNING * * *
Casting: Conjure Flame
Confirm with . or Enter, or press ? or * to list all spells.
You blink.
Mcbry74's ghost hits you.
* * * LOW HITPOINT WARNING * * *
Mcbry74's ghost casts a spell at you. The magic dart hits you!
You die...

..########..#######
................†.#
..###########..##.#
............#..##.#
.....#......#...#5#
######.##.......#.# .#
#.##..#.#..#W#
#.####.#...#......#
.......#...#...#@.#
.######...........#
...........#.#......
.#.#.##...........#..#
.#.#.................#
.#.#..##.....###.....#
...#...#.###.# #..#. #
.####..#.# #......#.#
.........# ###


You could see mcbry74's ghost and a white imp.

Vanquished Creatures
  An ooze (D:2)
  2 giant geckos
  11 bats
  2 goblins
  2 hobgoblins (D:1)
  2 jackals (D:1)
  4 kobolds (D:1)
  A giant cockroach (D:1)
  4 giant newts
  A quokka (D:2)
  3 rats (D:1)
  A bush (D:1)
34 creatures vanquished.

Vanquished Creatures (collateral kills)
  2 adders (D:2)
  2 worms
  2 goblins (D:1)
  6 hobgoblins
  A jackal (D:1)
  3 kobolds
  4 bats
  2 rats
22 creatures vanquished.

Vanquished Creatures (others)
  4 toadstools (D:1)
4 creatures vanquished.

Grand Total: 60 creatures vanquished

Notes
Turn   | Place    | Note
--------------------------------------------------------------
     0 | D:1      | mcbry74 the Deep Elf Wizard began the quest for the Orb.
     0 | D:1      | Reached XP level 1. HP: 10/10 MP: 7/7
  1027 | D:1      | Found a snail-covered altar of Cheibriados.
  1091 | D:1      | Reached XP level 2. HP: 9/15 MP: 2/9
  1209 | D:1      | Learned a level 2 spell: Call Imp
  1212 | D:1      | Learned a level 2 spell: Blink
  1215 | D:1      | Learned a level 2 spell: Slow
  1237 | D:1      | Reached skill level 5 in Spellcasting
  1756 | D:1      | Reached XP level 3. HP: 17/19 MP: 5/11
  2201 | D:2      | Noticed an earth elemental
  2206 | D:2      | Found a basalt altar of Yredelemnul.
  2227 | D:2      | Found a stormy altar of Qazlal.
  2230 | D:2      | Noticed a fire elemental
  2230 | D:2      | Noticed an air elemental
  2230 | D:2      | Noticed a water elemental
  2325 | D:2      | Learned a level 3 spell: Mephitic Cloud
  2329 | D:2      | Learned a level 3 spell: Conjure Flame
  2853 | D:2      | Reached XP level 4. HP: 24/24 MP: 8/13
  3041 | D:3      | Noticed mcbry74's ghost (average DEWz)
  3098 | D:3      | Killed from afar by mcbry74's ghost

Vault maps used:
D:1:      ldierk_water_garden, minmay_misc_feat_alley, grunt_decor_one_mirror,
          cheibriados_altar_1
D:2:      lemuel_doored_altar, nicolae_qazlal_style_of_elements
D:3:      first_bread

Action                   |  1- 3 |  4- 6 || total
-------------------------+-------+-------++-------
Melee: Unarmed           |   336 |       ||   336
       Dagger            |    15 |     8 ||    23
 Cast: Magic Dart        |    76 |     4 ||    80
       Call Imp          |    21 |     2 ||    23
       Conjure Flame     |     1 |     1 ||     2
       Blink             |       |     1 ||     1
  Use: Scroll            |     2 |       ||     2
  Eat: Bread ration      |     1 |       ||     1
       Chunk             |     2 |     1 ||     3
